[ AOE2 MATCH · #467683090 ]
1v1 RMRomans vs Armenians
Player's team · LOSS
Rival team · WIN
[ REPLAY ANALYSIS · EXTRACTED FROM THE RECORDED GAME ]
Feudal
14:19
Castle
21:48
Imperial
52:34
| APM avg | 24.0 |
| APM peak | 78 |
| eAPM avg | 11.4 |
| Villagers / military | 108 / 82 |
Focus
⚔️ 22.8% · 🌾 77.2%
Scorpion ×38 · Fishing Ship ×37 · Militia ×26 · Scout Cavalry ×11 · Centurion ×5 · Spearman ×2
Feudal
14:20
Castle
38:12
Imperial
47:20
| APM avg | 9.7 |
| APM peak | 22 |
| eAPM avg | 8.7 |
| Villagers / military | 131 / 379 |
Focus
⚔️ 40.8% · 🌾 59.2%
Militia ×258 · Spearman ×93 · Skirmisher ×16 · Fishing Ship ×6 · Fire Galley ×5 · Warrior Priest ×3
Match map
Initial resources + every placement click. Lines = walls · curves = elevation contours. ◆ gold · ⬟ stone · ● berries · ✦ relic · ◌ wall gap
Inputs per minute
— jpruiz84 - - DarkElf
Build order — jpruiz84
First 150 of 292 actions detected
| 0:38 | Build | Town Center |
| 1:09 | Build | Dock |
| 1:33 | Build | House |
| 1:35 | Build | House |
| 2:32 | Create | Villager (Male) |
| 2:33 | Create | Villager (Male) |
| 2:33 | Create | Villager (Male) |
| 2:33 | Create | Villager (Male) |
| 3:37 | Create | Villager (Male) |
| 3:43 | Research | Loom |
| 3:44 | Create | Villager (Male) |
| 3:44 | Create | Villager (Male) |
| 4:26 | Create | Villager (Male) |
| 5:20 | Create | Villager (Male) |
| 5:51 | Create | Villager (Male) |
| 5:56 | Create | Fishing Ship |
| 6:22 | Create | Villager (Male) |
| 6:24 | Create | Villager (Male) |
| 6:30 | Create | Fishing Ship |
| 6:52 | Build | House |
| 6:53 | Build | House |
| 6:57 | Create | Villager (Male) |
| 7:26 | Create | Villager (Male) |
| 7:33 | Create | Fishing Ship |
| 7:44 | Build | House |
| 7:48 | Build | House |
| 7:53 | Create | Villager (Male) |
| 8:16 | Build | House |
| 8:25 | Create | Fishing Ship |
| 9:14 | Create | Villager (Male) |
| 9:21 | Create | Fishing Ship ×2 |
| 9:41 | Create | Villager (Male) |
| 9:57 | Build | Mining Camp |
| 10:09 | Build | Mill |
| 10:22 | Create | Villager (Male) |
| 10:45 | Create | Villager (Male) |
| 10:58 | Create | Fishing Ship ×2 |
| 11:19 | Create | Villager (Male) |
| 11:20 | Create | Villager (Male) |
| 11:27 | Build | Dock |
| 11:58 | Build | Lumber Camp |
| 12:06 | Research | Feudal Age |
| 12:30 | Create | Fishing Ship |
| 12:38 | Create | Fishing Ship |
| 13:12 | Create | Fishing Ship |
| 13:37 | Build | Barracks |
| 13:53 | Build | House |
| 13:55 | Build | House |
| 13:56 | Build | House |
| 14:07 | Create | Fishing Ship |
| 14:19 | Age | Feudal Age |
| 14:24 | Research | Double-Bit Axe |
| 14:27 | Research | Wheelbarrow |
| 14:58 | Create | Fishing Ship |
| 15:02 | Create | Villager (Male) |
| 15:34 | Build | Stable |
| 15:44 | Research | Town Watch |
| 15:46 | Create | Villager (Male) |
| 15:52 | Create | Fishing Ship |
| 15:57 | Create | Fishing Ship |
| 16:12 | Create | Spearman |
| 16:12 | Create | Spearman |
| 16:28 | Build | House |
| 16:31 | Build | House |
| 16:35 | Research | Bloodlines |
| 16:37 | Create | Scout Cavalry ×5 |
| 16:52 | Build | Blacksmith |
| 16:58 | Create | Villager (Male) |
| 17:10 | Research | Tech 906 |
| 17:37 | Create | Fishing Ship |
| 17:42 | Create | Fishing Ship |
| 18:18 | Build | House |
| 18:20 | Build | House |
| 18:22 | Build | House |
| 18:25 | Build | House |
| 18:31 | Create | Scout Cavalry |
| 18:31 | Create | Scout Cavalry |
| 18:38 | Create | Fishing Ship |
| 18:59 | Research | Forging |
| 19:08 | Research | Castle Age |
| 19:21 | Create | Fishing Ship ×5 |
| 19:27 | Create | Fishing Ship |
| 19:41 | Build | Lumber Camp |
| 19:51 | Create | Scout Cavalry |
| 20:00 | Research | Man-at-Arms (upgrade) |
| 20:01 | Create | Militia ×2 |
| 20:17 | Create | Scout Cavalry |
| 20:32 | Create | Militia ×2 |
| 20:59 | Research | Scale Mail Armor |
| 21:00 | Research | Scale Barding Armor |
| 21:32 | Create | Fishing Ship ×5 |
| 21:38 | Create | Fishing Ship ×3 |
| 21:48 | Age | Castle Age |
| 21:53 | Create | Villager (Male) |
| 22:26 | Research | Light Cavalry (upgrade) |
| 22:42 | Create | Scout Cavalry ×2 |
| 22:57 | Build | Town Center |
| 23:04 | Build | Lumber Camp |
| 23:11 | Research | Bow Saw |
| 23:54 | Create | Villager (Male) |
| 23:55 | Create | Villager (Male) |
| 23:55 | Create | Villager (Male) |
| 23:56 | Create | Villager (Male) |
| 23:56 | Create | Villager (Male) |
| 23:56 | Create | Villager (Male) |
| 24:14 | Build | Town Center |
| 24:22 | Create | Villager (Male) |
| 24:23 | Create | Villager (Male) |
| 24:50 | Build | House |
| 24:51 | Build | House |
| 24:51 | Build | House |
| 24:52 | Build | House |
| 24:52 | Build | House |
| 24:53 | Build | House |
| 24:53 | Build | House |
| 24:55 | Create | Villager (Male) |
| 24:56 | Create | Villager (Male) |
| 25:10 | Research | Squires |
| 25:12 | Create | Militia ×2 |
| 25:15 | Create | Villager (Male) |
| 25:33 | Build | House |
| 25:33 | Build | House |
| 25:35 | Build | House |
| 25:35 | Build | House |
| 25:35 | Build | House |
| 25:43 | Create | Fishing Ship |
| 25:43 | Create | Fishing Ship |
| 25:50 | Create | Fishing Ship |
| 25:52 | Research | Gillnets |
| 25:53 | Create | Fishing Ship |
| 26:12 | Build | Barracks |
| 26:14 | Build | Barracks |
| 26:19 | Create | Villager (Male) |
| 26:20 | Create | Villager (Male) |
| 26:44 | Build | Blacksmith |
| 27:03 | Research | Long Swordsman (upgrade) |
| 27:38 | Build | Siege Workshop |
| 27:52 | Create | Militia ×5 |
| 27:56 | Create | Villager (Male) |
| 27:57 | Create | Villager (Male) |
| 27:58 | Create | Villager (Male) |
| 27:58 | Create | Villager (Male) |
| 28:09 | Build | House |
| 28:10 | Build | House |
| 28:12 | Build | House |
| 28:14 | Build | House |
| 28:15 | Build | House |
| 28:17 | Build | House |
| 28:21 | Research | Hand Cart |
| 28:58 | Create | Scorpion |
Build order — DarkElf
First 150 of 344 actions detected
| 0:31 | Build | Town Center |
| 1:16 | Build | House |
| 1:17 | Build | House |
| 1:24 | Build | House |
| 1:25 | Build | House |
| 2:15 | Research | Loom |
| 2:15 | Create | Villager (Male) ×4 |
| 3:30 | Build | Mill |
| 4:00 | Create | Villager (Male) |
| 4:33 | Create | Villager (Male) |
| 4:54 | Create | Villager (Male) |
| 5:23 | Create | Villager (Male) |
| 5:47 | Create | Villager (Male) |
| 6:26 | Create | Villager (Male) |
| 6:56 | Create | Villager (Male) |
| 6:59 | Create | Villager (Male) |
| 7:27 | Create | Villager (Male) |
| 7:50 | Create | Villager (Male) |
| 7:59 | Build | Mule Cart |
| 8:24 | Create | Villager (Male) |
| 8:40 | Create | Villager (Male) |
| 9:08 | Create | Villager (Male) |
| 9:49 | Create | Villager (Male) |
| 10:09 | Create | Villager (Male) |
| 10:18 | Build | House |
| 10:20 | Build | House |
| 10:30 | Create | Villager (Male) |
| 10:55 | Build | Dock |
| 11:20 | Create | Villager (Male) |
| 11:20 | Create | Villager (Male) |
| 11:47 | Research | Feudal Age |
| 11:58 | Create | Fishing Ship |
| 12:04 | Build | House |
| 12:17 | Build | Farm |
| 12:34 | Build | House |
| 12:43 | Build | Farm |
| 13:16 | Build | Farm |
| 13:22 | Build | Farm |
| 13:28 | Build | House |
| 13:45 | Create | Fishing Ship |
| 13:45 | Create | Fishing Ship |
| 13:46 | Create | Fishing Ship |
| 13:50 | Create | Fishing Ship |
| 14:09 | Create | Fishing Ship |
| 14:20 | Age | Feudal Age |
| 14:24 | Build | Watch Tower |
| 14:28 | Research | Wheelbarrow |
| 14:30 | Research | Town Watch |
| 14:49 | Research | Double-Bit Axe |
| 15:15 | Create | Villager (Male) |
| 15:25 | Build | Blacksmith |
| 15:44 | Research | Horse Collar |
| 16:18 | Build | Market |
| 16:24 | Create | Villager (Male) |
| 16:38 | Create | Villager (Male) |
| 16:56 | Research | Scale Mail Armor |
| 17:06 | Build | Mule Cart |
| 17:11 | Research | Gold Mining |
| 17:20 | Build | Farm |
| 17:22 | Build | Farm |
| 17:23 | Build | Farm |
| 17:26 | Build | Farm |
| 17:28 | Build | Farm |
| 17:33 | Build | Farm |
| 17:49 | Create | Villager (Male) ×5 |
| 17:49 | Create | Villager (Male) ×5 |
| 18:03 | Build | Barracks |
| 18:23 | Build | Farm |
| 18:48 | Create | Fire Galley |
| 18:50 | Create | Unit 2626 |
| 19:08 | Build | House |
| 19:09 | Build | House |
| 19:10 | Build | House |
| 19:12 | Create | Spearman ×5 |
| 19:13 | Create | Spearman ×5 |
| 19:36 | Build | Farm |
| 19:46 | Create | Galley |
| 20:03 | Build | Farm |
| 20:18 | Research | Arson |
| 20:49 | Build | Barracks |
| 20:53 | Build | Barracks |
| 21:03 | Create | Villager (Male) ×5 |
| 21:15 | Research | Pikeman (upgrade) |
| 21:33 | Research | Fletching |
| 21:36 | Research | Man-at-Arms (upgrade) |
| 21:41 | Build | Farm |
| 21:59 | Create | Spearman ×5 |
| 22:07 | Build | Farm |
| 22:47 | Research | Long Swordsman (upgrade) |
| 22:56 | Build | Farm |
| 23:03 | Build | House |
| 23:04 | Build | House |
| 23:05 | Build | House |
| 23:10 | Create | Villager (Male) ×5 |
| 23:14 | Create | Militia |
| 23:15 | Create | Militia |
| 23:15 | Create | Militia |
| 23:15 | Create | Militia |
| 23:16 | Create | Militia |
| 23:16 | Create | Militia |
| 23:41 | Create | Fire Galley |
| 23:49 | Create | Unit 2626 |
| 23:51 | Create | Villager (Male) ×5 |
| 23:52 | Create | Villager (Male) ×5 |
| 24:00 | Build | Farm |
| 24:12 | Create | Militia |
| 24:13 | Create | Militia |
| 24:13 | Create | Militia |
| 24:13 | Create | Militia |
| 24:14 | Create | Militia |
| 24:36 | Build | Farm |
| 24:41 | Create | Militia |
| 24:41 | Create | Militia |
| 24:42 | Create | Militia |
| 24:42 | Create | Militia |
| 25:02 | Build | House |
| 25:03 | Build | House |
| 25:13 | Build | Stone Wall |
| 25:29 | Create | Militia ×5 |
| 25:30 | Create | Militia ×5 |
| 25:30 | Create | Militia ×2 |
| 25:37 | Create | Villager (Male) ×2 |
| 25:38 | Create | Villager (Male) ×2 |
| 25:43 | Build | Farm |
| 26:32 | Build | House |
| 26:33 | Build | House |
| 26:34 | Build | House |
| 26:44 | Build | Farm |
| 26:50 | Build | Farm |
| 26:59 | Build | Farm |
| 27:03 | Create | Villager (Male) ×5 |
| 27:29 | Create | Militia ×5 |
| 27:29 | Create | Militia ×5 |
| 27:30 | Create | Militia ×5 |
| 27:30 | Create | Militia ×3 |
| 27:39 | Build | Farm |
| 27:56 | Build | Farm |
| 28:21 | Build | Barracks |
| 28:23 | Build | Barracks |
| 28:24 | Build | Barracks |
| 28:51 | Create | Militia ×5 |
| 28:52 | Create | Militia ×5 |
| 28:52 | Create | Militia ×5 |
| 28:52 | Create | Militia ×5 |
| 29:24 | Build | Farm |
| 29:38 | Build | Farm |
| 29:43 | Create | Villager (Male) |
| 29:44 | Create | Villager (Male) |
| 29:45 | Create | Villager (Male) |
| 29:56 | Create | Militia ×5 |
Match timeline
| 1:09 | jpruiz84 · first_building Dock |
| 10:55 | DarkElf · first_building Dock |
| 13:37 | jpruiz84 · first_building Barracks |
| 14:19 | jpruiz84 · age_up feudal |
| 14:20 | DarkElf · age_up feudal |
| 15:34 | jpruiz84 · first_building Stable |
| 18:03 | DarkElf · first_building Barracks |
| 21:48 | jpruiz84 · age_up castle |
| 25:13 | DarkElf · wall_segment Stone Wall x2 |
| 27:38 | jpruiz84 · first_building Siege Workshop |
| 37:37 | jpruiz84 · first_building Castle |
| 38:12 | DarkElf · age_up castle |
| 39:35 | DarkElf · first_building Monastery |
| 42:24 | DarkElf · first_building Castle |
| 43:56 | DarkElf · first_market_sell 500 wood |
| 45:36 | jpruiz84 · first_building Monastery |
| 47:20 | DarkElf · age_up imperial |
| 48:30 | DarkElf · first_building Archery Range |
| 49:10 | jpruiz84 · first_market_buy 100 food |
| 49:20 | jpruiz84 · first_market_sell 100 stone |
| 51:18 | DarkElf · first_building Stable |
| 52:34 | jpruiz84 · age_up imperial |
| 56:17 | jpruiz84 · resign |
[ AI ANALYSIS · 1 CREDIT ]
What really happened in this match?
Wolo.gg analyzes every decision: build order, eco, micro, common mistakes by bracket. Personalized analysis on WhatsApp or Discord in 30 seconds.
Civ guide
Romans
Map guide
Nomad
Perfil
jpruiz84